[Event "Early Titled Tuesday Blitz | February 8 2022"]
[White "Dauner, Benedikt"]
[Black "Van den Dikkenberg, Erik"]
[WhiteFideId "16225899"]
[BlackFideId "1005880"]
[WhiteElo "2230"]
[BlackElo "2118"]
[Result "1-0"]
[Round "09"]
[TimeControl "180+1"]
[Date "2022.02.08"]
[WhiteClock "0:00:06"]
[BlackClock "0:00:04"]

1. b4 d5 2. Bb2 Bf5 3. d3 e6 4. a3 c6 5. g3 Nd7 6. Bg2 Ngf6 7. Nd2 h6 8. e3 Be7 9. Ne2 O-O 10. O-O Rc8 11. e4 Bh7 12. e5 Ng4 13. d4 h5 14. Nf4 g6 15. c4 b6 16. Rc1 Bg5 17. Nd3 Bxd2 18. Qxd2 dxc4 19. Rxc4 c5 20. h3 Ngxe5 21. dxe5 b5 22. Rcc1 Nb6 23. Rxc5 Rxc5 24. bxc5 Nc4 25. Qc3 g5 26. Nb4 Qc7 27. Qc1 Bg6 28. Bd4 a5 29. Nc6 g4 30. Qg5 Re8 31. hxg4 hxg4 32. Be4 Kh7 33. Bg2 Rg8 34. Kh2 Kg7 35. Rh1 Rh8+ 36. Kg1 Rxh1+ 37. Bxh1 Qd7 38. Qf6+ Kh7 39. Bg2 Nd2 40. Qh4+ Kg7 41. Qxg4 Nc4 42. Qf4 Kh7 43. Bf3 Kg8 44. Kg2 a4 45. Nb4 Na5 46. c6 Qc7 47. Bc5 Nb3 48. Bd6 Qd8 49. c7 Qc8 50. Qh6 Qd7 51. Nc6 Qe8 52. Ne7+ Qxe7 53. c8=Q+ 1-0


[Site "https://www.chess.com"]

[Event "Early Titled Tuesday Blitz | February 8 2022"]
[White "De Arruda, Leandro Formes"]
[Black "Haukenfrers, Dale"]
[WhiteFideId "22722009"]
[BlackFideId "2603780"]
[WhiteElo "1780"]
[BlackElo "1982"]
[Result "0-1"]
[Round "09"]
[TimeControl "180+1"]
[Date "2022.02.08"]
[WhiteClock "0:00:04"]
[BlackClock "0:00:23"]

1. d4 d6 2. Nf3 c6 3. g3 f5 4. Bg2 e6 5. O-O Nf6 6. Nbd2 a5 7. Re1 d5 8. Ne5 a4 9. c3 a3 10. bxa3 Na6 11. f3 Qa5 12. Bb2 Bxa3 13. Nb3 Qa4 14. Bxa3 Qxa3 15. e4 O-O 16. Qd3 c5 17. dxc5 fxe4 18. fxe4 Nxc5 19. Qd4 Ncxe4 20. c4 Ra4 21. Kh1 Qb4 22. Rec1 b5 23. Nd3 Qa3 24. Nb2 Rxc4 25. Nxc4 bxc4 26. Nd2 Nc3 27. Rxc3 Qb2 28. Rac1 Qxa2 29. R3c2 Qa3 30. Qc3 Qc5 31. Qf3 Bb7 32. Qe2 h5 33. Nxc4 Ng4 34. Rf1 Rxf1+ 35. Bxf1 dxc4+ 36. Bg2 Ne3 37. Bxb7 Nxc2 38. Qxc2 Qf8 39. Be4 Qf1# 0-1


[Site "https://www.chess.com"]

[Event "Early Titled Tuesday Blitz | February 8 2022"]
[White "De Souza, Cristiano Gomes"]
[Black "Qashashvili, Alexandre"]
[WhiteFideId "2151758"]
[BlackFideId "13600842"]
[WhiteElo "2068"]
[BlackElo "2316"]
[Result "0-1"]
[Round "09"]
[TimeControl "180+1"]
[Date "2022.02.08"]
[WhiteClock "0:00:08"]
[BlackClock "0:00:59"]

1. d4 c6 2. c4 d5 3. Nf3 Bf5 4. Nc3 e6 5. Bf4 Nf6 6. e3 Bd6 7. Bxd6 Qxd6 8. Ne5 Nbd7 9. Nxd7 Qxd7 10. Rc1 O-O 11. Be2 h6 12. O-O a6 13. b4 Ne4 14. Nxe4 Bxe4 15. f3 Bg6 16. Qd2 Rfd8 17. Rfd1 Rac8 18. a4 Qe7 19. c5 e5 20. b5 exd4 21. exd4 axb5 22. axb5 Re8 23. Bf1 Qe3+ 24. Qxe3 Rxe3 25. bxc6 bxc6 26. Kf2 Rce8 27. Re1 R3e6 28. Rxe6 fxe6 29. Ra1 e5 30. dxe5 Rxe5 31. Ra8+ Re8 32. Rxe8+ Bxe8 33. Ke3 Kf7 34. Kd4 Ke6 35. Bd3 g5 36. g3 Kf6 37. f4 Bg6 38. Ba6 gxf4 39. gxf4 Bf5 40. Bb7 Bd7 41. Ba6 Kf5 42. Ke3 Kg4 43. Bf1 Be8 44. Bg2 Bg6 45. Bf1 Be4 46. Ba6 Bf5 47. Bb7 Bd7 48. Ba6 Kh3 49. Kd4 Kxh2 50. Bd3 Kg3 51. f5 h5 52. f6 Be6 53. Bf5 Bf7 54. Bd7 h4 55. Bxc6 h3 56. Bxd5 Bxd5 57. Kxd5 h2 58. f7 h1=Q+ 59. Ke6 Qc6+ 60. Ke7 Qxc5+ 61. Kf6 Qf8 62. Kg6 Kf4 0-1


[Site "https://www.chess.com"]

[Event "Early Titled Tuesday Blitz | February 8 2022"]
[White "Deac, Bogdan-Daniel"]
[Black "Kamsky, Gata"]
[WhiteFideId "1226380"]
[BlackFideId "2000024"]
[WhiteElo "2646"]
[BlackElo "2645"]
[Result "1-0"]
[Round "09"]
[TimeControl "180+1"]
[Date "2022.02.08"]
[WhiteClock "0:00:05"]
[BlackClock "0:00:03"]

1. e4 e5 2. Nf3 Nc6 3. Bb5 Nf6 4. O-O Nxe4 5. Re1 Nd6 6. Nxe5 Be7 7. Bf1 Nxe5 8. Rxe5 O-O 9. Nc3 Ne8 10. Nd5 Bd6 11. Re1 c6 12. Ne3 Bc7 13. Nf5 d5 14. Ne7+ Kh8 15. Nxc8 Rxc8 16. d3 f5 17. g3 Nf6 18. Qf3 Ng4 19. d4 Qf6 20. c3 Qg6 21. Bh3 Qh5 22. Kg2 g5 23. Bd2 Rf7 24. Re6 Rcf8 25. Rae1 Ne3+ 26. Qxe3 g4 27. Rh6 gxh3+ 28. Kg1 Qg4 29. Qe2 Rg8 30. f3 Qg7 31. Rxh3 f4 32. g4 Qg6 33. Qe6 Rf6 34. Qd7 Rf7 35. Re7 Rxe7 36. Qxe7 Rg7 37. Qe2 Bd6 38. Be1 Re7 39. Qd1 Qe6 40. Kf1 Re8 41. Bf2 Qg6 42. Rh5 b6 43. Rf5 1-0


[Site "https://www.chess.com"]

[Event "Early Titled Tuesday Blitz | February 8 2022"]
[White "Decuigniere, Tom"]
[Black "Turzo, Attila"]
[WhiteFideId "26093820"]
[BlackFideId "704954"]
[WhiteElo "1997"]
[BlackElo "2479"]
[Result "1-0"]
[Round "09"]
[TimeControl "180+1"]
[Date "2022.02.08"]
[WhiteClock "0:00:24"]
[BlackClock "0:00:08"]

1. c4 c6 2. e4 d5 3. exd5 cxd5 4. d4 Nf6 5. Nc3 g6 6. Nf3 Bg7 7. Bg5 dxc4 8. Bxc4 O-O 9. O-O Nbd7 10. h3 Nb6 11. Bb3 h6 12. Bh4 Nbd5 13. Re1 Be6 14. Ne5 g5 15. Bg3 Rc8 16. Rc1 Qa5 17. Ng6 fxg6 18. Rxe6 Kh7 19. Nxd5 Nxd5 20. Rxc8 Rxc8 21. Qd3 Bf6 22. Be5 Nf4 23. Bxf4 gxf4 24. d5 Rc1+ 25. Kh2 Qc7 26. d6 Qd8 27. dxe7 Qxd3 28. e8=Q Qd8 29. Qf7+ Bg7 30. Qxg6+ Kh8 31. Re8+ 1-0


[Site "https://www.chess.com"]

[Event "Early Titled Tuesday Blitz | February 8 2022"]
[White "Demin, Vladimir"]
[Black "Manelyuk, Daniil"]
[WhiteFideId "4167457"]
[BlackFideId "44173920"]
[WhiteElo "2492"]
[BlackElo "2222"]
[Result "0-1"]
[Round "09"]
[TimeControl "180+1"]
[Date "2022.02.08"]
[WhiteClock "0:00:05"]
[BlackClock "0:00:05"]

1. d4 Nf6 2. g4 Nxg4 3. e4 Nh6 4. Bxh6 gxh6 5. Nc3 d6 6. Bc4 Rg8 7. Nge2 Bg4 8. Qd3 c6 9. a4 Nd7 10. O-O-O Qa5 11. Rhg1 Bxe2 12. Qxe2 Rxg1 13. Rxg1 e6 14. d5 Nc5 15. dxe6 Nxe6 16. Qf3 Ng5 17. Qg4 Qc5 18. Bb3 Qxf2 19. h4 Nf3 20. Rd1 Qe3+ 21. Kb1 Nd2+ 22. Rxd2 Qxd2 23. Qf5 d5 24. exd5 c5 25. d6 Qe1+ 26. Ka2 Bxd6 27. Qxf7+ Kd8 28. Qg8+ Qe8 29. Qxh7 Qe7 30. Qh8+ Qf8 31. Qh7 Rc8 32. Qxb7 Rc7 33. Qa8+ Kd7 34. Qe4 Qe7 35. Qf5+ Kd8 36. Bd5 c4 37. Nb5 Rc5 38. Qg6 a6 39. Nxd6 Rxd5 40. Qg8+ Kd7 41. Qxd5 Qxd6 42. Qxd6+ Kxd6 43. b3 Kc5 44. c3 cxb3+ 45. Kxb3 a5 46. Kb2 Kc4 47. Kc2 h5 48. Kd2 Kb3 49. Kd3 Kxa4 50. Kc4 Ka3 51. Kb5 Kb3 52. c4 a4 53. c5 a3 54. c6 a2 55. c7 a1=Q 56. c8=Q Qa4+ 57. Kb6 Qxh4 58. Qe6+ Kc3 59. Qe5+ Qd4+ 60. Qxd4+ Kxd4 0-1


[Site "https://www.chess.com"]

[Event "Early Titled Tuesday Blitz | February 8 2022"]
[White "Derraugh, Geordie"]
[Black "Sahil, Tickoo"]
[WhiteFideId "2603950"]
[BlackFideId "5019710"]
[WhiteElo "2116"]
[BlackElo "2099"]
[Result "0-1"]
[Round "09"]
[TimeControl "180+1"]
[Date "2022.02.08"]
[WhiteClock "0:00:02"]
[BlackClock "0:00:20"]

1. e4 c5 2. c3 d5 3. exd5 Nf6 4. d4 Nxd5 5. Nf3 e6 6. Bd3 cxd4 7. cxd4 Bb4+ 8. Bd2 Bxd2+ 9. Nbxd2 Nc6 10. O-O O-O 11. Rc1 Nce7 12. Re1 Ng6 13. Bb1 Bd7 14. Ne4 Rc8 15. Rxc8 Qxc8 16. h4 Bc6 17. h5 Nge7 18. h6 g6 19. Qd2 Nf5 20. Ne5 Qc7 21. Ng5 Qe7 22. Nexf7 Rxf7 23. Rxe6 Qf8 24. Nxf7 Qxf7 25. Re5 Nfe7 26. Qg5 Kf8 27. Be4 Qf6 28. Qg3 Qf7 29. a3 a6 30. b4 Nf6 31. Bxc6 Nxc6 32. d5 Nxe5 33. Qxe5 Nxd5 34. Qh8+ Ke7 35. Qe5+ Kd7 36. Qb8 Kc6 37. Qc8+ Nc7 38. Qh8 Qd7 39. Qg7 Ne6 40. Qc3+ Kd6 41. Qg3+ Ke7 42. Qe3 Qd1+ 43. Kh2 Qh5+ 44. Kg1 Qd1+ 45. Kh2 Qd6+ 46. g3 b5 47. Kg1 Qd7 48. Qe5 Qd4 49. Qb8 Qd1+ 50. Kg2 Qd5+ 51. Kg1 Qd2 52. Qa7+ Kf6 53. Qxh7 Qc1+ 54. Kh2 Qg5 55. Qh8+ Kf5 56. h7 Qh6+ 57. Kg1 Qc1+ 58. Kg2 Qc6+ 59. Kh2 Qf3 0-1


[Site "https://www.chess.com"]

[Event "Early Titled Tuesday Blitz | February 8 2022"]
[White "Dilmukhametov, Artur"]
[Black "Domingo Nunez, Alejandro"]
[WhiteFideId "24179922"]
[BlackFideId "22245561"]
[WhiteElo "2266"]
[BlackElo "2215"]
[Result "0-1"]
[Round "09"]
[TimeControl "180+1"]
[Date "2022.02.08"]
[WhiteClock "0:00:01"]
[BlackClock "0:00:38"]

1. e4 d6 2. d4 Nf6 3. Nc3 e5 4. Nf3 Nbd7 5. Bc4 Be7 6. O-O O-O 7. Re1 c6 8. a4 h6 9. h3 Re8 10. Be3 Bf8 11. dxe5 dxe5 12. Qe2 Qc7 13. Rad1 Bb4 14. Bb3 Nf8 15. Qc4 a5 16. Bc1 Be6 17. Qe2 Bxb3 18. cxb3 Ne6 19. Rd3 Nc5 20. Rdd1 Nxb3 21. Qc2 Nc5 22. Re2 Rad8 23. Rxd8 Rxd8 24. Be3 Ne6 25. g4 Nd4 26. Bxd4 exd4 27. Nb5 Qf4 28. Nbxd4 c5 29. e5 cxd4 30. exf6 d3 31. Qd1 Qxf3 32. Re8+ Rxe8 33. Qxf3 Re1+ 34. Kg2 d2 35. Qf5 d1=Q 36. Qc8+ Bf8 37. fxg7 Rg1+ 38. Kh2 Rh1+ 39. Kg3 Qg1+ 40. Kf3 Rxh3+ 41. Ke2 Kxg7 42. Qf5 Qh2 43. Qe4 Qd6 0-1


[Site "https://www.chess.com"]

[Event "Early Titled Tuesday Blitz | February 8 2022"]
[White "Dobrov, Vladimir"]
[Black "Jaracz, Pawel"]
[WhiteFideId "4136594"]
[BlackFideId "1102222"]
[WhiteElo "2614"]
[BlackElo "2429"]
[Result "0-1"]
[Round "09"]
[TimeControl "180+1"]
[Date "2022.02.08"]
[WhiteClock "0:00:16"]
[BlackClock "0:00:10"]

1. d4 Nf6 2. c4 e6 3. Nf3 Bb4+ 4. Nbd2 O-O 5. a3 Be7 6. e4 d6 7. Be2 Nfd7 8. O-O e5 9. d5 a5 10. Bd3 Nc5 11. Bc2 a4 12. Re1 Nbd7 13. Nf1 Nb6 14. Ne3 g6 15. Bd2 Bf6 16. Bb4 Bg7 17. g4 Qe7 18. h3 Bh6 19. Kh1 Bd7 20. Qe2 Bf4 21. Rg1 Kh8 22. Ng2 Bh6 23. Ne3 f6 24. Bc3 Rf7 25. Raf1 Raf8 26. Nh4 Bxe3 27. fxe3 f5 28. Nf3 fxe4 29. Nd2 Qh4 30. Qg2 Rf2 31. Rxf2 Rxf2 32. Qg3 Qxg3 33. Rxg3 c6 34. dxc6 Bxc6 35. Rg2 Rf7 36. Kg1 Nd3 37. g5 Ne1 38. Rf2 Rxf2 39. Kxf2 Nxc2 40. c5 dxc5 41. Bxe5+ Kg8 42. Nb1 Nd5 0-1


[Site "https://www.chess.com"]

[Event "Early Titled Tuesday Blitz | February 8 2022"]
[White "Dylag, Emilia"]
[Black "Johnson, Ben"]
[WhiteFideId "21805172"]
[BlackFideId "2010917"]
[WhiteElo "1932"]
[BlackElo "2154"]
[Result "1-0"]
[Round "09"]
[TimeControl "180+1"]
[Date "2022.02.08"]
[WhiteClock "0:00:15"]
[BlackClock "0:00:06"]

1. d4 Nf6 2. c4 e6 3. Nf3 d5 4. g3 Bb4+ 5. Nbd2 dxc4 6. Bg2 O-O 7. O-O b5 8. Ne5 Nd5 9. e4 Nb6 10. Ndf3 Bb7 11. Qe2 a5 12. Bf4 f6 13. Ng4 h5 14. Ne3 Bxe4 15. Nxc4 Bxf3 16. Bxf3 bxc4 17. Bxa8 Nxa8 18. Qxe6+ Kh8 19. Qxc4 Bd6 20. Be3 Nb6 21. Qe2 Qe8 22. Rac1 Nd5 23. Rfe1 Nxe3 24. Qf3 Qg6 25. Rxe3 Qg4 26. Qxg4 hxg4 27. Rb3 Nd7 28. Rb5 a4 29. a3 f5 30. Rc4 g6 31. Rxa4 Re8 32. Kg2 Re2 33. Ra8+ Kg7 34. a4 Nf6 35. Kf1 Rc2 36. a5 Ne4 37. a6 Rxf2+ 38. Ke1 Rxh2 39. a7 Rh1+ 40. Ke2 Nxg3+ 41. Kd3 Ra1 42. Rb7 Ne4 43. Re8 g3 44. a8=Q Rxa8 45. Rxa8 g2 46. Ra1 Bh2 47. b4 g1=Q 48. Rxg1 Bxg1 49. Rxc7+ Kf6 50. b5 g5 51. b6 Ke6 52. b7 Bh2 53. b8=Q Bxc7 54. Qxc7 Nd6 55. Qc1 Kf6 56. d5 Ne4 57. Kd4 g4 58. Qf4 Kg6 59. d6 Nxd6 60. Qxd6+ Kg5 61. Qg3 f4 62. Qg2 g3 63. Qf3 Kf5 64. Kd3 Ke5 65. Ke2 Kf5 66. Kf1 Ke5 67. Kg2 Kf5 68. Kh3 Kg5 69. Qe4 g2 70. Qxg2+ Kh5 71. Qf3+ Kg5 72. Qg4+ 1-0


[Site "https://www.chess.com"]

[Event "Early Titled Tuesday Blitz | February 8 2022"]
[White "Dzhaparov, Medet"]
[Black "Ashiev, Eduard"]
[WhiteFideId "13803689"]
[BlackFideId "4130090"]
[WhiteElo "1702"]
[BlackElo "2004"]
[Result "1-0"]
[Round "09"]
[TimeControl "180+1"]
[Date "2022.02.08"]
[WhiteClock "0:00:20"]
[BlackClock "0:00:01"]

1. e4 e5 2. Nf3 Nc6 3. Bc4 Bc5 4. b4 Bxb4 5. c3 Be7 6. d4 Na5 7. Bb3 Nxb3 8. Qxb3 Nf6 9. Nxe5 O-O 10. f3 d5 11. exd5 Nxd5 12. O-O c6 13. Nd2 Qb6 14. Qxb6 axb6 15. c4 Nc3 16. Bb2 Nxa2 17. Ne4 Be6 18. c5 bxc5 19. dxc5 Nb4 20. Bc3 Nd5 21. Bd4 Rfd8 22. Rxa8 Rxa8 23. Rb1 Rb8 24. Nxc6 Rc8 25. Nxe7+ Nxe7 26. Nd6 Rd8 27. Rxb7 Nc6 28. Bf2 h5 29. Rc7 Bd5 30. Nb7 Ra8 31. h3 g5 32. Nd6 h4 33. Be3 Ne5 34. Bxg5 Ng6 35. c6 Ra1+ 36. Kf2 Rb1 37. Rc8+ Kh7 38. Ne8 Rb2+ 39. Ke3 Ne5 40. Nf6+ Kg6 41. Rg8+ Kf5 42. c7 Bb7 43. c8=Q+ Bxc8 44. Rxc8 Kxg5 45. Ne4+ Kg6 46. Rg8+ Kh7 47. Nf6+ Kh6 48. Rh8+ 1-0


[Site "https://www.chess.com"]

[Event "Early Titled Tuesday Blitz | February 8 2022"]
[White "Estrada Nieto, Julian"]
[Black "Yanayt, Eugene"]
[WhiteFideId "5101018"]
[BlackFideId "2020165"]
[WhiteElo "2246"]
[BlackElo "2046"]
[Result "1-0"]
[Round "09"]
[TimeControl "180+1"]
[Date "2022.02.08"]
[WhiteClock "0:00:11"]
[BlackClock "0:00:03"]

1. e4 c5 2. Nf3 g6 3. d4 Bg7 4. c3 d5 5. e5 a6 6. h3 f6 7. Be2 Nc6 8. exf6 Nxf6 9. dxc5 Ne4 10. Be3 O-O 11. O-O Bf5 12. Nbd2 e5 13. Nxe4 Bxe4 14. Ng5 Bf5 15. Bg4 Qd7 16. f4 Rae8 17. fxe5 Nxe5 18. Bxf5 Rxf5 19. Nf3 Nc4 20. Bd4 Bh6 21. Qc2 Ne3 22. Bxe3 Bxe3+ 23. Kh1 Bxc5 24. Rad1 Rh5 25. Qd3 Rxh3+ 26. gxh3 Qxh3+ 27. Nh2 Re3 28. Qxd5+ Kg7 29. Qxc5 Re2 30. Qd4+ Kh6 31. Rf2 Re3 32. Qf4+ g5 33. Qf6+ Kh5 34. Qf7+ Kh6 35. Rdf1 Re5 36. Rf6# 1-0


[Site "https://www.chess.com"]

[Event "Early Titled Tuesday Blitz | February 8 2022"]
[White "Ezat, Mohamed"]
[Black "Martin Duque, Jesus"]
[WhiteFideId "10600906"]
[BlackFideId "2208954"]
[WhiteElo "2386"]
[BlackElo "2243"]
[Result "0-1"]
[Round "09"]
[TimeControl "180+1"]
[Date "2022.02.08"]
[WhiteClock "0:00:16"]
[BlackClock "0:00:59"]

1. d4 Nf6 2. c4 b6 3. Nc3 Bb7 4. Qc2 d5 5. cxd5 Nxd5 6. e4 Nxc3 7. bxc3 e5 8. Bb5+ c6 9. Bc4 exd4 10. Nf3 b5 11. Bb3 d3 12. Qd1 Be7 13. Ne5 O-O 14. Qh5 Qe8 15. O-O c5 16. Bd5 Bxd5 17. exd5 c4 18. Bf4 Nd7 19. Nc6 Bc5 20. a4 a6 21. Qf5 Nb6 22. Rfe1 Qc8 23. Qh5 bxa4 24. Rab1 Re8 25. Be5 Nxd5 26. Bxg7 Qxc6 27. Bh6 Qf6 28. Rf1 Re5 29. Qh3 Rae8 30. Rb7 Qxf2+ 0-1


[Site "https://www.chess.com"]

[Event "Early Titled Tuesday Blitz | February 8 2022"]
[White "Fajdetic, Hrvoje"]
[Black "Mohammed, Dilshad"]
[WhiteFideId "14501945"]
[BlackFideId "5050421"]
[WhiteElo "2140"]
[BlackElo "2153"]
[Result "1-0"]
[Round "09"]
[TimeControl "180+1"]
[Date "2022.02.08"]
[WhiteClock "0:00:25"]
[BlackClock "0:00:43"]

1. d4 d5 2. Bf4 Nf6 3. e3 e6 4. Nf3 Bd6 5. Bg3 O-O 6. Nbd2 c5 7. c3 b6 8. a4 a5 9. Ne5 Bb7 10. Bh4 Be7 11. Bxf6 Bxf6 12. f4 Nc6 13. Bd3 cxd4 14. exd4 Bxe5 15. fxe5 Qh4+ 16. g3 Qh3 17. Qe2 f6 18. exf6 Rxf6 19. O-O-O Rc8 20. Kb1 Rcf8 21. Rdf1 Nd8 22. Rxf6 Rxf6 23. Rf1 Rxf1+ 24. Nxf1 Nf7 25. Ne3 h5 26. Bg6 h4 27. Bxf7+ Kf8 28. Qh5 Qxh2 29. Bxe6 Qf2 30. Qxh4 Ke8 31. Qf4 Qe1+ 32. Ka2 Bc6 33. Qf7+ Kd8 34. Nxd5 Bxd5+ 35. Bxd5 Qd1 36. Bc6 Qg4 37. Qd7+ Qxd7 38. Bxd7 Kxd7 39. Kb3 Kd6 40. Kc4 Ke6 41. Kb5 Kf5 42. Kxb6 Kg4 43. d5 Kxg3 44. d6 Kf4 45. d7 g5 46. d8=Q g4 47. Qf8+ Ke3 48. Qg8 1-0


[Site "https://www.chess.com"]

[Event "Early Titled Tuesday Blitz | February 8 2022"]
[White "Fawole, John Oyeyemi"]
[Black "Sovetbekova, Nurai"]
[WhiteFideId "8501319"]
[BlackFideId "13801910"]
[WhiteElo "2091"]
[BlackElo "1545"]
[Result "1-0"]
[Round "09"]
[TimeControl "180+1"]
[Date "2022.02.08"]
[WhiteClock "0:00:10"]
[BlackClock "0:00:02"]

1. e4 c5 2. Nf3 d6 3. d4 cxd4 4. Nxd4 Nf6 5. Nc3 a6 6. Be2 e6 7. O-O Be7 8. Be3 b5 9. Bf3 Bb7 10. e5 Nd5 11. Nxd5 exd5 12. e6 O-O 13. exf7+ Rxf7 14. Bg4 Kh8 15. Be6 Rf6 16. f4 Nd7 17. f5 Nc5 18. Rf3 Qe8 19. Rh3 Nxe6 20. Nxe6 Rxf5 21. Nc7 Qc6 22. Nxa8 d4 23. Rg3 dxe3 24. Qd3 Rf2 25. Qxe3 Rxg2+ 26. Kf1 Qc4+ 27. Ke1 Rxg3 28. hxg3 1-0


[Site "https://www.chess.com"]

[Event "Early Titled Tuesday Blitz | February 8 2022"]
[White "Fier, Alexandr"]
[Black "Jobava, Baadur"]
[WhiteFideId "2107139"]
[BlackFideId "13601520"]
[WhiteElo "2569"]
[BlackElo "2617"]
[Result "0-1"]
[Round "09"]
[TimeControl "180+1"]
[Date "2022.02.08"]
[WhiteClock "0:00:15"]
[BlackClock "0:00:27"]

1. d4 d5 2. Bg5 Nf6 3. Bxf6 gxf6 4. c4 dxc4 5. e3 c5 6. Bxc4 cxd4 7. Nc3 Nc6 8. Qh5 e6 9. Rd1 Qa5 10. Qxa5 Nxa5 11. Bb5+ Ke7 12. Rxd4 Rg8 13. Nge2 a6 14. Bd3 Nc6 15. Rh4 Ne5 16. Bxh7 Rxg2 17. Be4 Rg8 18. Rh7 f5 19. Bc2 Nf3+ 20. Kd1 Bd7 21. Kc1 Bc6 22. Rd1 Rg2 23. e4 fxe4 24. Nxe4 Rxh2 25. Rxh2 Nxh2 26. Nd4 Rc8 27. Nxc6+ Rxc6 28. Kb1 Nf3 29. Rh1 Bg7 30. Bd1 Nd4 31. Rh7 Kf8 32. Rh3 Rb6 33. Nc5 Ke7 34. Rh7 Nf5 35. Nd3 Rd6 36. Bc2 Bf6 37. Nc5 Rb6 38. Nb3 Nd4 39. Bg6 Nxb3 40. Rxf7+ Kd6 41. Rxf6 Nd4 42. Rf8 Rb5 43. Be4 Ke5 44. f3 a5 45. Rb8 b6 46. b3 a4 47. Kb2 axb3 48. axb3 Rxb3+ 49. Ka2 Rb5 50. Bd3 Rb4 51. Be4 Kf4 52. Re8 e5 53. Bb7 Rb5 54. Ka3 Nc2+ 55. Ka2 Ne3 56. Ka3 Nc4+ 57. Ka4 Rb2 58. Bc6 Ke3 59. Rd8 Rd2 60. Rxd2 Nxd2 61. Kb5 Nxf3 62. Kxb6 Nd4 63. Ba8 Ne6 64. Kc6 Kd4 65. Kd6 Nc5 66. Ke7 Nd3 67. Kf6 Nb4 68. Kg5 Nd5 69. Kg4 e4 70. Kg3 e3 71. Kf3 Nc3 72. Bb7 Kd3 73. Ba6+ Kd2 74. Bc4 Nd1 75. Bb5 Nb2 76. Ke4 Na4 77. Kf3 Nc5 78. Bc4 Nd3 0-1


[Site "https://www.chess.com"]

[Event "Early Titled Tuesday Blitz | February 8 2022"]
[White "Gabdrakhmanov, Azat"]
[Black "Mirzoev, Azer"]
[WhiteFideId "34189197"]
[BlackFideId "13400304"]
[WhiteElo "2279"]
[BlackElo "2525"]
[Result "0-1"]
[Round "09"]
[TimeControl "180+1"]
[Date "2022.02.08"]
[WhiteClock "0:00:04"]
[BlackClock "0:00:50"]

1. e4 Nf6 2. e5 Nd5 3. d4 d6 4. Nf3 dxe5 5. Nxe5 Nd7 6. Nxf7 Kxf7 7. Qh5+ Ke6 8. c4 N5f6 9. d5+ Kd6 10. Bf4+ e5 11. dxe6+ Kxe6 12. Qf3 Kf7 13. Nc3 Nc5 14. b4 Bg4 15. Qe3 Ne6 16. c5 Qd4 17. f3 Qxf4 18. Qxf4 Nxf4 19. fxg4 Re8+ 20. Kd2 N4d5 21. Bc4 c6 22. Rhf1 Kg6 23. Bd3+ Kg5 24. Rf5+ Kxg4 25. h3+ Kh4 26. g3+ Kxh3 27. Rh1+ Kg2 28. Rff1 g6 29. Rfg1+ Kf3 30. Rf1+ Kxg3 31. Rhg1+ Kh4 32. Nxd5 Nxd5 33. Rg2 Bh6+ 34. Kc2 Ne3+ 0-1


[Site "https://www.chess.com"]

[Event "Early Titled Tuesday Blitz | February 8 2022"]
[White "Gabrielian, Artur"]
[Black "Vlassov, Nikolai"]
[WhiteFideId "4131002"]
[BlackFideId "4103360"]
[WhiteElo "2440"]
[BlackElo "2407"]
[Result "1-0"]
[Round "09"]
[TimeControl "180+1"]
[Date "2022.02.08"]
[WhiteClock "0:01:56"]
[BlackClock "0:01:06"]

1. e4 c5 2. Nc3 g6 3. d3 Bg7 4. g3 Nc6 5. Bg2 d6 6. f4 Rb8 7. Nf3 Nf6 8. O-O O-O 9. h3 b5 10. Be3 b4 11. Ne2 Nd7 12. Rb1 Qa5 13. Qd2 Qxa2 14. b3 a5 15. e5 dxe5 16. Ra1 Qb2 17. Rfb1 exf4 18. Rxb2 Bxb2 19. Rf1 fxe3 20. Qxe3 e5 21. Qh6 f6 22. Ng5 Rf7 23. Nxf7 Kxf7 24. Qxh7+ Ke6 25. Bxc6 1-0


[Site "https://www.chess.com"]

[Event "Early Titled Tuesday Blitz | February 8 2022"]
[White "Gaehwiler, Gabriel"]
[Black "Chernomordik, Pavel"]
[WhiteFideId "1314530"]
[BlackFideId "2804530"]
[WhiteElo "2383"]
[BlackElo "2249"]
[Result "1-0"]
[Round "09"]
[TimeControl "180+1"]
[Date "2022.02.08"]
[WhiteClock "0:00:15"]
[BlackClock "0:00:55"]

1. Nf3 g6 2. g3 Bg7 3. Bg2 e5 4. O-O Nc6 5. d3 d6 6. Nbd2 Be6 7. e4 h6 8. a3 Qd7 9. b4 Bh3 10. Nc4 Bxg2 11. Kxg2 Nf6 12. Bb2 O-O 13. h3 Nh7 14. Ne3 Nd4 15. c3 Nxf3 16. Qxf3 c6 17. h4 f5 18. exf5 gxf5 19. Qh5 f4 20. Ng4 Qe6 21. Nh2 Nf6 22. Qg6 Qd5+ 23. Kg1 e4 24. c4 Qxd3 25. Ng4 Ne8 26. Nxh6+ Kh8 27. Rad1 Qxc4 28. Bxg7+ Nxg7 29. Rxd6 fxg3 30. Rd7 gxf2+ 31. Kg2 Qc3 32. Nf7+ Rxf7 33. Rxf7 Qe5 34. h5 Nxh5 35. Rh7# 1-0


[Site "https://www.chess.com"]

[Event "Early Titled Tuesday Blitz | February 8 2022"]
[White "Garcia Martin, Marta"]
[Black "Tologon tegin, Semetei"]
[WhiteFideId "32084030"]
[BlackFideId "13800574"]
[WhiteElo "2102"]
[BlackElo "2258"]
[Result "1-0"]
[Round "09"]
[TimeControl "180+1"]
[Date "2022.02.08"]
[WhiteClock "0:00:13"]
[BlackClock "0:00:18"]

1. e4 e5 2. Bc4 Nf6 3. d3 Bc5 4. Nc3 d6 5. f4 Nc6 6. Nf3 Bg4 7. Na4 Bxf3 8. Qxf3 Nd4 9. Qd1 b5 10. Nxc5 bxc4 11. Na4 Qd7 12. Nc3 cxd3 13. Qxd3 O-O 14. O-O Rab8 15. fxe5 dxe5 16. Rxf6 gxf6 17. Bh6 Kh8 18. Bxf8 Rxf8 19. Rf1 Qd6 20. Nd5 f5 21. Ne3 f4 22. Nc4 Qc5 23. Kh1 Ne6 24. Qd5 c6 25. Qxc5 Nxc5 26. Nxe5 Nxe4 27. Rxf4 Nd6 28. Nxc6 Rc8 29. Nd4 Re8 30. Kg1 Re1+ 31. Rf1 Re4 32. c3 Kg8 33. Rf6 Nc4 34. b3 Nd2 35. Ra6 Re3 36. Rxa7 Rxc3 37. Kf2 Ne4+ 38. Ke2 Rc1 39. a4 Rg1 40. Kf3 Nd2+ 41. Kf2 Rb1 42. Rb7 h5 43. a5 Ra1 44. b4 Ra2 45. Ke3 Nc4+ 46. Kd3 Ne5+ 47. Ke4 Ng4 48. h3 Nf2+ 49. Kf3 Nd1 50. Nc6 f5 51. b5 h4 52. Kf4 Rf2+ 53. Ke5 Ne3 54. a6 Rxg2 55. a7 Nc4+ 56. Kf6 Ra2 57. Rb8+ Kh7 58. a8=Q Rxa8 59. Rxa8 f4 60. Ra4 Ne3 61. Rxf4 Nd5+ 62. Kg5 Nxf4 63. Kxf4 Kg6 64. Kg4 Kf6 65. Kxh4 Ke6 66. Kg5 Kd6 67. Kg6 Kc5 68. h4 Kxb5 69. h5 Kxc6 70. h6 Kd6 71. Kg7 Ke5 72. h7 Kf4 73. h8=Q Ke3 74. Qe8+ Kf3 75. Qe5 Kg2 76. Qe3 Kh2 77. Qg5 Kh1 78. Kf6 Kh2 79. Kf5 Kh3 80. Kf4 Kh2 81. Kf3 Kh1 82. Qg2# 1-0


[Site "https://www.chess.com"]

[Event "Early Titled Tuesday Blitz | February 8 2022"]
[White "Garriga Cazorla, Pere"]
[Black "Hansen, Eric"]
[WhiteFideId "32011601"]
[BlackFideId "2606771"]
[WhiteElo "2458"]
[BlackElo "2568"]
[Result "0-1"]
[Round "09"]
[TimeControl "180+1"]
[Date "2022.02.08"]
[WhiteClock "0:00:03"]
[BlackClock "0:00:08"]

1. Nf3 Nf6 2. c4 g6 3. Nc3 d5 4. cxd5 Nxd5 5. h4 Bg7 6. h5 Nc6 7. h6 Bf6 8. Ne4 Bf5 9. Nxf6+ Nxf6 10. d3 Qd6 11. a3 O-O-O 12. b4 e5 13. b5 Nd4 14. Qa4 Kb8 15. Bb2 Rhe8 16. Rc1 Ng4 17. Nd2 Bd7 18. e3 Bxb5 19. Qa5 b6 20. Qc3 f5 21. a4 Ba6 22. Ba3 Qd7 23. Nc4 Qxa4 24. Qb2 Qb3 25. exd4 exd4+ 26. Kd2 Qa4 27. Be2 Nxf2 28. Rhe1 Bxc4 29. Rxc4 Qa5+ 30. Bb4 Qe5 31. Kc1 a5 32. Bf3 Qf4+ 33. Bd2 Rxe1+ 34. Kc2 Qe5 35. Rxc7 Qxc7+ 36. Kb3 Nxd3 37. Qc2 Nc5+ 38. Ka2 Re3 39. Bxe3 dxe3 40. Qc4 Rd2+ 41. Ka3 Ka7 42. Qg8 Rd3+ 43. Kb2 Rd8 44. Qf7 Qxf7 0-1


[Site "https://www.chess.com"]